 Dungeon Crawl Stone Soup version 0.18.1-8-gdd0e5ea (webtiles) character file.

128 Liquid the Skirmisher (level 4, 0/37 HPs)
             Began as a Demonspawn Abyssal Knight on June 1, 2016.
             Was a Believer of Lugonu.
             Killed from afar by an orc wizard (8 damage)
             ... with a puff of flame
             ... on level 3 of the Dungeon.
             The game lasted 00:07:44 (2505 turns).

Liquid the Skirmisher (Demonspawn Abyssal Knight)   Turns: 2505, Time: 00:07:46

Health: 0/37       AC: 10    Str: 13    XL:     4   Next: 86%
Magic:  6/6        EV:  9    Int: 14    God:    Lugonu [**....]
Gold:   132        SH:  2    Dex: 14    Spells: 0 memorised, 3 levels left

rFire  . . .     SeeInvis .     a - +1 falchion
rCold  + . .     Gourm    .     v - +0 scale mail
rNeg   . . .     Faith    .     (no shield)
rPois  .         Spirit   .     (no helmet)
rElec  .         Dismiss  .     (no cloak)
rCorr  .         Reflect  .     o - +1 pair of gloves
SustAt .         Harm     .     (no boots)
MR     .....                    (no amulet)
Stlth  ..........               u - ring of protection from cold
                                g - ring of wizardry

@: not resistant to hostile enchantments, extremely unstealthy
A: large bone plates 1, agile 1
a: Depart the Abyss, Bend Space, Renounce Religion


You were on level 3 of the Dungeon.
You worshipped Lugonu.
Lugonu was pleased with you.
You were not hungry.

You visited 1 branch of the dungeon, and saw 3 of its levels.
You visited the Abyss 1 time.

You collected 132 gold pieces.

Inventory:

Hand Weapons
 a - a +1 falchion (weapon)
 e - a +0 long sword
 p - a +0 dagger
Armour
 b - a +0 leather armour
 o - a +1 pair of gloves (worn)
 v - a +0 scale mail (worn)
Jewellery
 g - a ring of wizardry (left hand)
 u - a ring of protection from cold (right hand)
Scrolls
 n - 2 scrolls of identify
 q - 2 scrolls of remove curse
Potions
 h - 2 potions of lignification
 i - a potion of cure mutation
 j - a potion of mutation {unknown}
 k - a potion of degeneration {unknown}
 l - 2 potions of curing {unknown}
 m - 2 potions of haste {unknown}
 t - a potion of agility {unknown}
 w - a potion of flight {unknown}
Comestibles
 c - a bread ration
 d - 2 chunks of flesh
 f - 3 meat rations
 r - 2 slices of pizza
 s - 4 fruits


   Skills:
 + Level 4.0 Fighting
 * Level 3.5 Long Blades
 - Level 1.7 Armour
 - Level 0.8 Dodging
 + Level 3.4 Invocations


You had 3 spell levels left.
You didn't know any spells.

Dungeon Overview and Level Annotations

Branches:
Dungeon (3/15)

Altars:
Dithmenos
Elyvilon
Nemelex Xobeh
Pakellas


Innate Abilities, Weirdness & Mutations

You are partially covered in large bone plates (AC +2, SH +2).
You are agile. (Dex +2)


Message History

Pain shoots through your body!
The orc wizard casts a spell.
The orc wizard flickers and vanishes!
Deactivating autopickup; reactivate with Ctrl-A.
Your scale mail prevents you from hitting the orc priest.
You hear some strange, mumbled words.
A magic dart appears from out of thin air!
The magic dart hits you!
* * * LOW HITPOINT WARNING * * *
The orc priest hits you but does no damage.
Something hits you but does no damage.
You barely miss the orc priest. Something hits you but does no damage.
The orc priest hits you but does no damage.
You closely miss the orc priest. Something hits you but does no damage.
The orc priest hits you with a dagger.
* * * LOW HITPOINT WARNING * * *
You hear some strange, mumbled words.
A puff of flame appears from out of thin air!
The puff of flame hits you!
You die...

#.# #..###............. #.# #..#
#o......#.#### #.# #..#
#...o.....#### ##.#####..#
#............. #.........#
#.........####
#######.#.####..###.............
##§§§.#####...................###
#####§##.#.####o{###....#.###.###
##.§§§###.## #.@###....#.###.#..
##§#####...## #.................#
##§#§.≈#.)..# #...........###..##
#####..#....# ####.#.#..#.# #..##
##§§#_.'....# #.#.#..#.# #....
##.§#..#...## #.#.#..#.# #.###
#####.≈##.## #.#....#.###.#
#########.# #.#..........# #.#
#.#....#.#####


You could see an orc priest.

Vanquished Creatures
  6 adders
  4 worms
  5 dart slugs
  2 orcs (D:3)
  3 ball pythons
  6 bats
  2 giant cockroaches
  3 goblins
  5 hobgoblins
  7 kobolds
  2 quokkas
  6 giant newts
  6 rats
57 creatures vanquished.

Vanquished Creatures (others)
  A rakshasa (D:3)
1 creature vanquished.

Grand Total: 58 creatures vanquished

Notes
Turn   | Place    | Note
--------------------------------------------------------------
     0 | Abyss:1  | Liquid the Demonspawn Abyssal Knight began the quest for the Orb.
     0 | Abyss:1  | Reached XP level 1. HP: 18/18 MP: 2/2
    65 | Abyss:2  | Found a corrupted altar of Lugonu.
    71 | D:1      | Escaped the Abyss
   309 | D:1      | Gained mutation: You are partially covered in large bone plates (AC +2, SH +2). [demonic ancestry]
   309 | D:1      | Reached XP level 2. HP: 24/24 MP: 3/3
   864 | D:2      | Gained mutation: You are agile. (Dex +2) [potion of beneficial mutation]
   997 | D:2      | Reached ** piety under Lugonu
  1124 | D:2      | Reached XP level 3. HP: 25/29 MP: 5/5
  1681 | D:2      | Found a white marble altar of Elyvilon.
  1682 | D:2      | Found a sparkling altar of Nemelex Xobeh.
  1737 | D:2      | Reached XP level 4. HP: 35/36 MP: 6/6
  1973 | D:3      | Found a shadowy altar of Dithmenos.
  2275 | D:3      | Found an oddly glowing altar of Pakellas.
  2275 | D:3      | Noticed a rakshasa
  2284 | D:3      | Killed a rakshasa
  2402 | D:3      | Reached skill level 4 in Fighting
  2505 | D:3      | Killed from afar by an orc wizard

Skill      XL: |  1  2  3  4 |
---------------+-------------+-----
Long Blades    | 2 3 |  3.5
Invocations    | 3 |  3.4
Fighting       | 4 |  4.0
Armour         | |  1.7
Dodging        | |  0.8

Action                   |  1- 3 |  4- 6 || total
-------------------------+-------+-------++-------
Melee: Falchion          |   125 |    77 ||   202
       Dagger            |    14 |       ||    14
  Use: Scroll            |     9 |       ||     9
       Potion            |     1 |       ||     1
 Stab: Distracted        |     1 |       ||     1
  Eat: Chunk             |     3 |     2 ||     5
Armor: Leather armour    |    37 |     5 ||    42
       Scale mail        |       |    27 ||    27
Dodge: Dodged            |    76 |    32 ||   108
Block: Other             |     5 |     4 ||     9
